 Dungeon Crawl Stone Soup version 0.24.0-123-gd5b16e6ec5 (webtiles) character file.

Game seed: 3215597843585894071, levelgen mode: deterministic

5463 FishyPogo the Magician (level 10, -5/74 HPs)
             Began as a Gnoll Fire Elementalist on Dec 28, 2019.
             Was an Elder of Okawaru.
             Slain by a warg (17 damage)
             ... on level 9 of the Dungeon.
             The game lasted 00:30:52 (7296 turns).

FishyPogo the Magician (Gnoll Fire Elementalist)    Turns: 7296, Time: 00:30:52

Health: -5/74      AC:  8    Str: 13    XL:     10   Next: 68%
Magic:  5/21       EV: 17    Int: 17    God:    Okawaru [****..]
Gold:   434        SH:  0    Dex: 17    Spells: 4/23 levels left

rFire    . . .     SeeInvis .   a - +4 mace
rCold    . . .     Gourm    .   (no shield)
rNeg     + + .     Faith    .   k - +0 robe
rPois    .         Spirit   .   l - +1 helmet
rElec    .         Reflect  .   q - scarf {cloud immunity}
rCorr    .         Harm     .   v - +0 pair of gloves
MR       .....                  y - +1 pair of boots of Doimnegg {rN++}
Stlth    ++........             (no amulet)
HPRegen  0.22/turn              (no ring)
MPRegen  0.17/turn              (no ring)

@: confused
A: distributed training, fangs 1, strong nose
a: Heroism, Renounce Religion


You were on level 9 of the Dungeon.
You worshipped Okawaru.
Okawaru was greatly pleased with you.
You were not hungry.

You visited 2 branches of the dungeon, and saw 10 of its levels.

You collected 434 gold pieces.

Inventory:

Hand Weapons
 a - a +4 mace (weapon)
 b - a +3 war axe of chopping
 j - a cursed +5 scimitar
 D - a +4 dagger
Missiles
 d - 17 poisoned darts
 e - 303 stones
 m - 2 boomerangs (quivered)
 r - a throwing net
 B - 4 javelins
Armour
 k - a +0 robe (worn)
 l - a +1 helmet (worn)
 q - a scarf of cloud immunity (worn)
 v - a +0 pair of gloves (worn)
 y - the +1 pair of boots of Doimnegg (worn) {rN++}
   (You found it on level 6 of the Dungeon)

   It greatly protects you from negative energy.
Magical Staves
 u - an uncursed staff of fire
Wands
 x - a wand of random effects (15)
 z - a wand of paralysis (7)
 A - a wand of digging (6)
Scrolls
 i - 4 scrolls of identify
 p - 2 scrolls of remove curse
 s - a scroll of fog
 w - a scroll of teleportation
Potions
 f - 2 potions of brilliance
 h - 2 potions of ambrosia
 n - 2 potions of lignification
 o - 2 potions of flight
 t - 2 potions of berserk rage
 C - 3 potions of agility
Comestibles
 c - 20 rations


   Skills:
 + Level 5.4 Fighting
 + Level 5.4 Short Blades
 + Level 5.4 Long Blades
 + Level 5.4 Axes
 + Level 5.4 Maces & Flails
 + Level 5.4 Polearms
 + Level 5.4 Staves
 + Level 5.4 Slings
 + Level 5.4 Bows
 + Level 5.4 Crossbows
 + Level 5.4 Throwing
 + Level 5.4 Armour
 + Level 7.2 Dodging
 + Level 6.9 Stealth
 + Level 5.4 Shields
 + Level 5.4 Unarmed Combat
 + Level 7.4 Spellcasting
 + Level 5.0 Conjurations
 + Level 4.4 Hexes
 + Level 4.4 Charms
 + Level 4.4 Summonings
 + Level 4.4 Necromancy
 + Level 4.4 Translocations
 + Level 4.4 Transmutations
 + Level 7.1 Fire Magic
 + Level 4.4 Ice Magic
 + Level 4.4 Air Magic
 + Level 4.4 Earth Magic
 + Level 4.4 Poison Magic
 + Level 5.9 Invocations
 + Level 5.4 Evocations


You had 4 spell levels left.
You knew the following spells:

 Your Spells              Type           Power        Failure   Level  Hunger
a - Flame Tongue          Conj/Fire      ####.        1%          1    None
b - Throw Flame           Conj/Fire      ####..       1%          2    None
c - Mephitic Cloud        Conj/Pois/Air  ###.....     4%          3    ##.....
d - Poisonous Vapours     Pois/Air       ###...       2%          2    None
j - Conjure Flame         Conj/Fire      ####....     2%          3    ##.....
k - Olgreb's Toxic Radia  Pois           ###.....     17%         4    ####...
p - Sticky Flame          Conj/Fire      ####....     9%          4    ####...

Your spell library contained the following spells:

 Spells                   Type           Power        Failure   Level  Hunger
 Animate Skeleton         Necr           N/A          1%          1    None
 Apportation              Tloc           ###...       1%          1    None
 Confusing Touch          Hex            ###...       1%          1    None
 Sting                    Conj/Pois      ###.         1%          1    None
 Summon Small Mammal      Summ           ###.         1%          1    None
 Inner Flame              Hex/Fire       ####....     3%          3    ##.....
 Fireball                 Conj/Fire      ####......   26%         5    #####..
 Venom Bolt               Conj/Pois      ###.......   41%         5    #####..


Dungeon Overview and Level Annotations

Branches:
Dungeon (9/15)             Temple (1/1) D:6
   Lair: D:8-11         Orc: D:9-12

Altars:
Ashenzari
Fedhas
Gozag
Kikubaaqudgha
Makhleb
Okawaru
Qazlal
Ru
Sif Muna
Uskayaw
Vehumet
Wu Jian

Annotations:
D:2 1 runed translucent door, Crazy Yiuf
D:4 1 runed translucent door, crawlian's ghost, amateur DECj
D:7 3 runed translucent doors, kuniqs's ghost, novice DEWz


Innate Abilities, Weirdness & Mutations

Your experience applies equally to all skills.
You have very sharp teeth.
Your uncanny sense of smell can sniff out nearby items.


Message History

Press: ? - help, Shift-Dir - straight line, f - warg
Aim: a warg (moderately wounded)
You feel a surge of power!
The flame tongue misses the warg.
The warg closely misses you.
a - a +4 mace (weapon)
The warg completely misses you.
You barely miss the warg.
The warg is moderately wounded.
The warg completely misses you.
You closely miss the warg.
The warg is moderately wounded.
The warg closely misses you. The warg bites you!
* * * LOW HITPOINT WARNING * * *
You hit the warg.
The warg is moderately wounded.
The warg bites you!
* * * LOW HITPOINT WARNING * * *
You are confused.
You feel invigorated. The warg bites you!
You die...

.............>...........
....................T....
.........................
..#########......########
..# #......# ..# #......#
..# #......# ..# #....h[#
..# #.....@#
..#########......#
.........#######.#
.......###############
.......####..)÷##....#
........#..#.○.##....#
.......÷.###...##.####
.+###...## ######.#
....#..#### ####..#


You could see a warg.

Vanquished Creatures
  Harold (D:7)
  Erica (D:8)
  A two-headed ogre (D:8)
  Prince Ribbit (D:8)
  2 trolls
  A hippogriff (D:9)
  A warg (D:9)
  A sky beast (D:7)
  A black bear (D:7)
  An ice beast (D:9)
  2 ogres
  A phantom (D:8)
  4 centaurs
  A big kobold (D:9)
  3 bullfrogs
  A water moccasin zombie (D:8)
  A scorpion (D:7)
  10 wights
  2 howler monkeys
  A crimson imp (D:8)
  A centaur zombie (D:9)
  5 hounds
  A gnoll shaman (D:8)
  An orc priest (D:7)
  3 bullfrog skeletons
  2 centaur skeletons
  2 jellies
  4 orc wizards
  4 iguanas
  3 worker ants
  A hound zombie (D:5)
  A hound skeleton (D:7)
  A worker ant zombie (D:6)
  6 gnolls
  5 adders
  A shadow imp (D:6)
  2 oozes
  2 worms (D:2)
  A dart slug (D:2)
  3 leopard geckos
  16 orcs
  2 ball pythons
  6 bats
  5 giant cockroaches
  6 goblins
  11 hobgoblins
  7 jackals
  14 kobolds
  3 quokkas
  5 frilled lizards
  A leopard gecko zombie (D:8)
  A quokka skeleton (D:8)
  6 rats
169 creatures vanquished.

Vanquished Creatures (others)
  A hound skeleton (D:9)
1 creature vanquished.

Grand Total: 170 creatures vanquished

Notes
Turn   | Place    | Note
-------+----------+-------------------------------------------
     0 | D:1      | FishyPogo the Gnoll Fire Elementalist began the quest for
                  | the Orb.
     0 | D:1      | Reached XP level 1. HP: 13/13 MP: 6/6
   104 | D:1      | Reached XP level 2. HP: 16/19 MP: 1/7
   442 | D:1      | Learned a level 2 spell: Throw Flame
   577 | D:1      | Reached XP level 3. HP: 25/25 MP: 5/9
   610 | D:1      | Reached skill level 5 in Spellcasting
   925 | D:2      | Reached skill level 1 in Invocations
  1226 | D:2      | Reached skill level 1 in Fighting
  1226 | D:2      | Reached skill level 1 in Short Blades
  1226 | D:2      | Reached skill level 1 in Long Blades
  1226 | D:2      | Reached skill level 1 in Axes
  1226 | D:2      | Reached skill level 1 in Maces & Flails
  1226 | D:2      | Reached skill level 1 in Polearms
  1226 | D:2      | Reached skill level 1 in Staves
  1226 | D:2      | Reached skill level 1 in Slings
  1226 | D:2      | Reached skill level 1 in Bows
  1226 | D:2      | Reached skill level 1 in Crossbows
  1226 | D:2      | Reached skill level 1 in Throwing
  1226 | D:2      | Reached skill level 1 in Armour
  1226 | D:2      | Reached skill level 1 in Shields
  1226 | D:2      | Reached skill level 1 in Unarmed Combat
  1226 | D:2      | Reached skill level 1 in Evocations
  1357 | D:2      | Found a runed translucent door.
  1358 | D:2      | Noticed Crazy Yiuf
  1795 | D:3      | Reached XP level 4. HP: 32/32 MP: 7/11
  1918 | D:3      | Learned a level 3 spell: Conjure Flame
  2285 | D:3      | Reached skill level 1 in Hexes
  2285 | D:3      | Reached skill level 1 in Charms
  2285 | D:3      | Reached skill level 1 in Summonings
  2285 | D:3      | Reached skill level 1 in Necromancy
  2285 | D:3      | Reached skill level 1 in Translocations
  2285 | D:3      | Reached skill level 1 in Transmutations
  2285 | D:3      | Reached skill level 1 in Ice Magic
  2285 | D:3      | Reached skill level 1 in Air Magic
  2285 | D:3      | Reached skill level 1 in Earth Magic
  2285 | D:3      | Reached skill level 1 in Poison Magic
  2329 | D:3      | Reached XP level 5. HP: 34/37 MP: 3/12
  2672 | D:4      | Reached XP level 6. HP: 37/44 MP: 8/13
  2802 | D:4      | Reached skill level 5 in Dodging
  2920 | D:4      | Found a runed translucent door.
  2920 | D:4      | Noticed crawlian's ghost (amateur DECj)
  3183 | D:5      | Entered Level 5 of the Dungeon
  3669 | D:5      | Learned a level 4 spell: Sticky Flame
  3673 | D:5      | Learned a level 3 spell: Mephitic Cloud
  3692 | D:5      | Reached XP level 7. HP: 50/50 MP: 4/15
  4196 | D:6      | Learned a level 2 spell: Poisonous Vapours
  4304 | D:6      | Got a pair of encrusted boots
  4368 | D:6      | Identified the +1 pair of boots of Doimnegg {rN++} (You
                  | found it on level 6 of the Dungeon)
  4373 | D:6      | Reached skill level 5 in Stealth
  4529 | D:6      | Reached XP level 8. HP: 48/57 MP: 16/16
  4536 | D:6      | Found a staircase to the Ecumenical Temple.
  4545 | Temple   | Entered the Ecumenical Temple
  4583 | Temple   | Became a worshipper of Warmaster Okawaru
  5013 | D:7      | Noticed Harold
  5117 | D:7      | Noticed a troll
  5164 | D:7      | Killed Harold
  5164 | D:7      | Reached * piety under Okawaru
  5164 | D:7      | Reached ** piety under Okawaru
  5164 | D:7      | Reached XP level 9. HP: 40/65 MP: 6/18
  5630 | D:7      | Found a runed translucent gate.
  5631 | D:7      | Found a runed translucent gate.
  5632 | D:7      | Found a runed translucent gate.
  5633 | D:7      | Noticed kuniqs's ghost (novice DEWz)
  5978 | D:7      | Killed a troll
  6109 | D:8      | Noticed a two-headed ogre
  6121 | D:8      | Killed a two-headed ogre
  6121 | D:8      | Reached *** piety under Okawaru
  6121 | D:8      | Reached skill level 5 in Invocations
  6166 | D:8      | Reached XP level 10. HP: 53/73 MP: 4/20
  6311 | D:8      | Noticed Erica
  6319 | D:8      | Noticed Prince Ribbit
  6323 | D:8      | Killed Erica
  6323 | D:8      | Reached skill level 5 in Fighting
  6323 | D:8      | Reached skill level 5 in Short Blades
  6323 | D:8      | Reached skill level 5 in Long Blades
  6323 | D:8      | Reached skill level 5 in Axes
  6323 | D:8      | Reached skill level 5 in Maces & Flails
  6323 | D:8      | Reached skill level 5 in Polearms
  6323 | D:8      | Reached skill level 5 in Staves
  6323 | D:8      | Reached skill level 5 in Slings
  6323 | D:8      | Reached skill level 5 in Bows
  6323 | D:8      | Reached skill level 5 in Crossbows
  6323 | D:8      | Reached skill level 5 in Throwing
  6323 | D:8      | Reached skill level 5 in Armour
  6323 | D:8      | Reached skill level 5 in Shields
  6323 | D:8      | Reached skill level 5 in Unarmed Combat
  6323 | D:8      | Reached skill level 5 in Evocations
  6421 | D:8      | Killed Prince Ribbit
  6872 | D:9      | Reached **** piety under Okawaru
  6919 | D:9      | Learned a level 4 spell: Olgreb's Toxic Radiance
  7282 | D:9      | Reached skill level 5 in Conjurations
  7296 | D:9      | Slain by a warg

Levels and vault maps discovered:
D:1:      minmay_arrival_four_circles, layout_basic
D:2:      layout_basic, uniq_crazy_yiuf_cottage
D:3:      layout_loops_ring, minmay_crystal_room
D:4:      layout_loops_ring, first_ration, ebering_ghost_sewer_d
D:5:      wad_crossroads, layout_basic
D:6:      layout_basic, minmay_temple_entry_statues_fountains
D:7:      layout_basic, ebering_ghost_rock_garden, uniq_harold
D:8:      layout_cave_pools, uniq_erica, uniq_prince_ribbit1
D:9:      lemuel_castle_with_subvaults [lemuel_castle_interior_original],
          layout_irregular_city, yredelemnul_altar_generic, grunt_ogre_cave,
          minmay_holes, uniq_grum
Temple:   compressed_dpeg_triangle_lava_temple

Skill      XL: |  1  2  3  4  5  6  7  8  9 10 |
---------------+-------------------------------+-----
Conjurations   | 2 3 4 5 |  5.0
Spellcasting   | 5 6 7 |  7.4
Invocations    | 1 2 3 4 5 |  5.9
Fighting       | 1 2 3 4 5 |  5.4
Short Blades   | 1 2 3 4 5 |  5.4
Long Blades    | 1 2 3 4 5 |  5.4
Axes           | 1 2 3 4 5 |  5.4
Maces & Flails | 1 2 3 4 5 |  5.4
Polearms       | 1 2 3 4 5 |  5.4
Staves         | 1 2 3 4 5 |  5.4
Slings         | 1 2 3 4 5 |  5.4
Bows           | 1 2 3 4 5 |  5.4
Crossbows      | 1 2 3 4 5 |  5.4
Throwing       | 1 2 3 4 5 |  5.4
Armour         | 1 2 3 4 5 |  5.4
Shields        | 1 2 3 4 5 |  5.4
Unarmed Combat | 1 2 3 4 5 |  5.4
Evocations     | 1 2 3 4 5 |  5.4
Hexes          | 1 2 3 4 |  4.4
Charms         | 1 2 3 4 |  4.4
Summonings     | 1 2 3 4 |  4.4
Necromancy     | 1 2 3 4 |  4.4
Translocations | 1 2 3 4 |  4.4
Transmutations | 1 2 3 4 |  4.4
Ice Magic      | 1 2 3 4 |  4.4
Air Magic      | 1 2 3 4 |  4.4
Earth Magic    | 1 2 3 4 |  4.4
Poison Magic   | 1 2 3 4 |  4.4
Dodging        | 5 6 7 |  7.2
Stealth        | 5 6 |  6.9
Fire Magic     | 6 7 |  7.1

Action                   |  1- 3 |  4- 6 |  7- 9 | 10-12 || total
-------------------------+-------+-------+-------+-------++-------
Melee: Whip              |    27 |    14 |       |       ||    41
       Bite              |     2 |     3 |    19 |     8 ||    32
       Flail             |       |    38 |    82 |       ||   120
       Mace              |       |       |    45 |    71 ||   116
       Punch             |       |       |     2 |     6 ||     8
       Staff             |       |       |       |     1 ||     1
Throw: Stone             |     5 |     7 |       |       ||    12
       Boomerang         |       |       |    10 |     1 ||    11
       Dart              |       |       |     2 |       ||     2
 Cast: Flame Tongue      |    49 |    67 |    86 |    78 ||   280
       Throw Flame       |    15 |    17 |    18 |     3 ||    53
       Conjure Flame     |       |     3 |     6 |     2 ||    11
       Mephitic Cloud    |       |     1 |     7 |     7 ||    15
       Poisonous Vapours |       |       |     8 |    10 ||    18
       Sticky Flame      |       |       |       |     1 ||     1
Invok: Heroism           |       |       |     1 |       ||     1
  Use: Scroll            |       |     1 |     4 |    10 ||    15
       Potion            |       |       |       |     1 ||     1
 Stab: Sleeping          |       |     3 |     4 |       ||     7
       Confused          |       |       |     4 |       ||     4
  Eat: Chunk             |     3 |     6 |     9 |     4 ||    22
Armor: Robe              |     5 |    10 |    31 |    18 ||    64
Dodge: Dodged            |    33 |    64 |   128 |   116 ||   341
